 Dungeon Crawl Stone Soup version 0.18-a0-1312-gf98331d (webtiles) character file.

8134 Duffy the Brawler (level 11, -2/79 HPs)
             Began as a Ghoul Gladiator on Feb 14, 2016.
             Was a High Priest of Cheibriados.
             Slain by a yak (9 damage)
             ... on level 11 of the Dungeon.
             The game lasted 00:10:51 (8654 turns).

Duffy the Brawler (Ghoul Gladiator)                 Turns: 8654, Time: 00:10:51

Health: -2/79      AC: 14    Str: 33    XL:     11   Next: 26%
Magic:  10/10      EV:  9    Int: 12    God:    Cheibriados [*****.]
Gold:   781        SH:  0    Dex: 22    Spells: 0 memorised, 10 levels left

rFire  + + .     SeeInvis .       - Unarmed
rCold  + . .     Gourm    .     T - +0 plate armour
rNeg   + + +     Faith    .     (no shield)
rPois  ∞         Spirit   .     b - +0 helmet
rElec  +         Dismiss  .     M - +0 cloak "Ofuquj" {rElec rF++ Int-4}
rCorr  .         Reflect  .     (no gloves)
SustAt .         Harm     .     A - +0 pair of boots
MR     .....                    W - amulet of regeneration
Stlth  ..........               H - +1 ring of protection
                                N - ring of wizardry (curse)

@: rotting, very slow, not resistant to hostile enchantments, extremely
unstealthy
A: rotting body, claws 1, carnivore 3, cold resistance 1, negative energy
resistance 3, slow regeneration 1, torment resistance, unbreathing
a: Bend Time, Temporal Distortion, Slouch, Step From Time, Renounce Religion


You were on level 11 of the Dungeon.
You worshipped Cheibriados.
Cheibriados was extremely pleased with you.
You were not hungry.

You visited 2 branches of the dungeon, and saw 12 of its levels.
You also visited: Ossuary.

You collected 781 gold pieces.


Innate Abilities, Weirdness & Mutations

Your body is rotting away.
You thrive on raw meat.
You are immune to poison.
You have sharp fingernails.
You are carnivorous and can eat meat at any time.
Your flesh is cold resistant.
You are immune to negative energy.
You regenerate slowly when monsters are visible.
You are immune to unholy pain and torment.
You can survive without breathing.


   Skills:
 - Level 2.1 Fighting
 - Level 1.7 Throwing
 - Level 2.6 Dodging
 + Level 17.5 Unarmed Combat


You had 10 spell levels left.
You didn't know any spells.

Inventory:

Hand Weapons
 B - a +0 blowgun
Missiles
 c - 4 throwing nets (quivered)
 u - 72 poisoned needles
 R - 10 tomahawks
Armour
 b - a +0 helmet (worn)
 e - a +0 cloak
 A - a +0 pair of boots (worn)
 M - the +0 cloak "Ofuquj" (worn) {rElec rF++ Int-4}

   It affects your intelligence (-4).
   It greatly protects you from fire.
   It insulates you from electricity.
 T - a +0 plate armour (worn)
Jewellery
 F - an uncursed ring of see invisible
 H - a +1 ring of protection (right claw)
 N - a cursed ring of wizardry (left claw)
 W - an amulet of regeneration (around neck)
Wands
 t - a wand of lightning (4/15)
 S - a wand of confusion (24/48)
 X - a wand of enslavement (13/24)
 Y - a wand of digging (10/24)
Scrolls
 f - 2 scrolls of blinking {unknown}
 j - 7 scrolls of remove curse
 l - 9 scrolls of teleportation
 m - 2 scrolls of fear {unknown}
 n - 2 scrolls of random uselessness {unknown}
 o - 8 scrolls of identify
 r - 2 scrolls of immolation {unknown}
 x - a scroll of amnesia {unknown}
 y - 2 scrolls of magic mapping {unknown}
 z - 4 scrolls of enchant armour {unknown}
 C - 4 scrolls of fog {unknown}
 E - 2 scrolls of noise {unknown}
 G - a scroll of recharging {unknown}
 V - a scroll of enchant weapon {unknown}
 Z - a scroll of silence {unknown}
Potions
 a - a potion of experience {unknown}
 g - 3 potions of flight {unknown}
 h - 5 potions of curing
 k - 3 potions of haste {unknown}
 p - 3 potions of berserk rage {unknown}
 q - a potion of cure mutation {unknown}
 s - 2 potions of brilliance {unknown}
 v - a potion of mutation {unknown}
 D - 4 potions of heal wounds {unknown}
 I - 2 potions of resistance {unknown}
 J - 2 potions of ambrosia {unknown}
 K - a potion of lignification {unknown}
 L - 5 potions of cancellation {unknown}
 O - a potion of degeneration {unknown}
 P - a potion of agility
 Q - a potion of might {unknown}
Comestibles
 d - 6 meat rations
 i - 5 royal jellies
 w - a slice of pizza
 U - 5 chunks of flesh

Dungeon Overview and Level Annotations

Branches:
Dungeon (11/15)            Temple (1/1) D:5            Lair (0/8) D:10
    Orc: D:9-12

Altars:
Ashenzari
Cheibriados
Dithmenos
Elyvilon
Fedhas
Gozag
Kikubaaqudgha
Makhleb
Nemelex Xobeh
Okawaru
Pakellas
Qazlal
Ru
Sif Muna
Trog
Vehumet
Xom
Yredelemnul
Zin
The Shining One

Shops:
D:4 (


Message History

The jackal barely misses you. The golden eye blinks at you.
You are more confused.
The yak gores you.
The jackal bites you but does no damage.
You're too confused to attack without stumbling around!
You're too confused to attack without stumbling around!
You're too confused to attack without stumbling around!
You're too confused to attack without stumbling around!
You bump into the rock wall.
The yak barely misses you.
You bump into the rock wall.
The yak gores you! The yak gores you but does no damage.
You bump into the rock wall.
The yak gores you! The yak gores you but does no damage.
The yak closely misses you.
A tengu comes into view.
The yak gores you. The yak gores you but does no damage. The yak gores you.
The yak gores you but does no damage. The yak gores you!
The yak gores you but does no damage.
There is a stone staircase leading down here.
The yak gores you but does no damage. The yak gores you.
In your confused state, you trip and fall down the stairs.
You climb downwards.
Found a thick bone amulet.
There is a stone staircase leading up here.
You closely miss the yak. Your claw misses the yak.
The yak is moderately wounded.
The yak gores you but does no damage. The yak completely misses you.
You claw the yak! Your claw misses the yak.
The yak is heavily wounded.
The yak gores you! The yak gores you. The yak gores you but does no damage.
Found a scroll of remove curse and a thick bone amulet.
You feel less confused. The yak gores you but does no damage.
The yak gores you. The yak gores you! x2
You die...

....#
....##
##....
#....
#...
#..#
#..#
#@Y#
#Y.#
#..#
...##
?...".
#.".###.
.... .
... ..
..


You could see 2 yaks.

Action                   |  1- 3 |  4- 6 |  7- 9 | 10-12 || total
-------------------------+-------+-------+-------+-------++-------
Melee: Unarmed           |    96 |   226 |   308 |   255 ||   885
  Use: Scroll            |       |       |     3 |       ||     3
  Eat: Chunk             |    14 |    49 |    31 |    49 ||   143

Notes
Turn   | Place    | Note
--------------------------------------------------------------
     0 | D:1      | Duffy the Ghoul Gladiator began the quest for the Orb.
     0 | D:1      | Reached XP level 1. HP: 17/17 MP: 0/0
    51 | D:1      | Reached skill level 4 in Unarmed Combat
    51 | D:1      | Reached XP level 2. HP: 15/24 MP: 1/1
   318 | D:1      | Reached XP level 3. HP: 27/29 MP: 2/2
  1273 | D:2      | Noticed Terence
  1286 | D:2      | Killed Terence
  1286 | D:2      | Reached skill level 5 in Unarmed Combat
  1286 | D:2      | Reached XP level 4. HP: 22/36 MP: 3/3
  1483 | D:2      | Noticed Crazy Yiuf
  1494 | D:2      | Killed Crazy Yiuf
  1494 | D:2      | Reached skill level 6 in Unarmed Combat
  1555 | D:2      | Reached XP level 5. HP: 31/41 MP: 4/4
  1651 | D:2      | Noticed Jessica
  1654 | D:2      | Killed Jessica
  1684 | D:2      | Noticed Natasha
  1694 | D:2      | Killed Natasha
  1769 | D:2      | Noticed Natasha
  1774 | D:2      | Killed Natasha
  1815 | D:2      | Noticed Natasha
  1830 | D:2      | Killed Natasha
  1830 | D:2      | Reached skill level 7 in Unarmed Combat
  1830 | D:2      | Reached XP level 6. HP: 30/47 MP: 5/5
  2776 | D:3      | Found an oddly glowing altar of Pakellas.
  2776 | D:3      | Found a glowing golden altar of the Shining One.
  3194 | D:4      | Found Zoxioq's Antique Weapon Boutique.
  3213 | D:4      | Noticed Edmund
  3259 | D:4      | Killed Edmund
  3259 | D:4      | Reached skill level 8 in Unarmed Combat
  3444 | D:4      | Found a glowing silver altar of Zin.
  3457 | D:4      | Reached XP level 7. HP: 53/55 MP: 6/6
  3538 | D:4      | Found a white marble altar of Elyvilon.
  3784 | D:5      | Entered Level 5 of the Dungeon
  3902 | D:5      | Noticed Sigmund
  3912 | D:5      | Killed Sigmund
  3912 | D:5      | Reached skill level 9 in Unarmed Combat
  4068 | D:5      | Found a radiant altar of Vehumet.
  4154 | D:5      | Reached skill level 10 in Unarmed Combat
  4183 | D:5      | Noticed Eustachio
  4206 | D:5      | Killed Eustachio
  4206 | D:5      | Reached XP level 8. HP: 46/61 MP: 7/7
  4342 | D:5      | Found a staircase to the Ecumenical Temple.
  4348 | Temple   | Entered the Ecumenical Temple
  4441 | Temple   | Became a worshipper of Cheibriados the Contemplative
  4709 | D:6      | Noticed Blork the orc
  4720 | D:6      | Killed Blork the orc
  4812 | D:6      | Reached skill level 11 in Unarmed Combat
  4954 | D:6      | Got an encrusted cloak
  4965 | D:6      | Identified the cursed +0 cloak "Ofuquj" {rElec rF++ Int-4} (You found it on level 6 of the Dungeon)
  4965 | D:6      | Lost intelligence.
  5280 | D:6      | Reached * piety under Cheibriados
  5312 | D:6      | Reached skill level 12 in Unarmed Combat
  5459 | D:6      | Noticed Grinder
  5463 | D:6      | Killed Grinder
  5463 | D:6      | Reached XP level 9. HP: 67/67 MP: 8/8
  5527 | D:6      | Found a shadowy altar of Dithmenos.
  5590 | D:7      | Noticed Pikel
  5611 | D:6      | Killed Pikel
  5611 | D:6      | Reached skill level 13 in Unarmed Combat
  5783 | D:7      | Found a burning altar of Makhleb.
  5783 | D:7      | Noticed a blizzard demon
  5786 | D:7      | Noticed a hellwing
  5786 | D:7      | Noticed a smoke demon
  6025 | D:7      | Found a stormy altar of Qazlal.
  6085 | D:8      | Found a sand-covered staircase.
  6091 | Ossuary  | Entered an ossuary
  6485 | D:8      | Reached skill level 14 in Unarmed Combat
  6486 | D:8      | Reached ** piety under Cheibriados
  6757 | D:8      | Reached XP level 10. HP: 73/73 MP: 9/9
  6982 | D:8      | Reached *** piety under Cheibriados
  7017 | D:8      | Reached skill level 15 in Unarmed Combat
  7273 | D:9      | Noticed Grum
  7294 | D:8      | Killed Grum
  7648 | D:9      | Reached **** piety under Cheibriados
  7692 | D:9      | Reached skill level 16 in Unarmed Combat
  8249 | D:10     | Entered Level 10 of the Dungeon
  8255 | D:10     | Reached ***** piety under Cheibriados
  8298 | D:10     | Noticed a hill giant
  8303 | D:10     | Killed a hill giant
  8312 | D:10     | Reached XP level 11. HP: 32/79 MP: 10/10
  8388 | D:10     | Reached skill level 17 in Unarmed Combat
  8500 | D:10     | Found a staircase to the Lair.
  8639 | D:10     | Noticed a hill giant
  8654 | D:11     | Slain by a yak

Vault maps used:
D:1:      dpeg_arrival_brainrot, serial_forest, infiniplex_forest_straight_3,
          infiniplex_forest_lined_2, infiniplex_forest_diagonal,
          infiniplex_forest_straight_3, infiniplex_forest_fountain,
          infiniplex_forest_straight_5, infiniplex_forest_clump_tiny
D:2:      first_bread, uniq_natasha, uniq_jessica, uniq_crazy_yiuf_cottage,
          uniq_terence
D:3:      gammafunk_temple_overflow_wave, patterned_corridor
D:4:      zin_academy, nicolae_overflow_crystal_walls, serial_shops,
          shop_fountains, minmay_misc_feat_cross, uniq_edmund
D:5:      kennysheep_mini, minmay_temple_entry_enclosed_plants,
          supply_closet_lemuel, uniq_eustachio, uniq_sigmund
D:6:      grunt_dithmenos_shadows, uniq_grinder, uniq_blork_the_orc
D:7:      nicolae_qazlal_eye_of_the_storm, makhleb_altar_promises_db,
          minmay_misc_feat_chi, uniq_pikel
D:8:      gup_ossuary_entry_pyramid
D:9:      uniq_grum
D:10:     david_lair_generic
D:11:     erik_orc_2
Temple:   circular_temple_12
Ossuary:  ossuary_tomb_3

Vanquished Creatures
  A hill giant Pikel
  An elephant
  A gargoyle Grinder
  2 two-headed ogres Sigmund
  A wyvern
  3 yaks Grum
  A hungry ghost Eustachio Edmund
  2 wolves
  3 orc warriors
  A sky beast
  A wasp
  4 ice beasts
  3 phantoms
  5 ogres
  2 centaurs
  A crocodile
  A big kobold
  5 giant frogs
  A gnoll sergeant Blork the orc
  A wyvern zombie
  3 scorpions
  10 killer bees
  4 wights
  2 crimson imps
  2 quasits Crazy Yiuf
  2 jellies
  A giant frog skeleton
  4 orc priests
  A hound
  11 orc wizards Jessica
  3 iguanas
  Natasha (thrice)
  Terence
  5 worker ants
  A sheep
  2 hound skeletons
  9 mummies
  7 adders
  12 gnolls
  5 shadow imps
  2 adder zombies
  An adder skeleton
  4 worms
  4 giant geckos
  35 orcs
  2 ball pythons
  9 bats
  6 giant cockroaches
  6 goblins
  10 hobgoblins
  11 jackals
  16 kobolds
  8 quokkas
  2 giant gecko skeletons
  4 giant newts
  A hobgoblin zombie
  3 kobold zombies
  4 orc zombies
  A quokka zombie
  9 rats
275 creatures vanquished.
